 Dungeon Crawl Stone Soup version 0.25-a0-479-g8579842fd4 (webtiles) character file.

Game seed: 13388168761995690642, levelgen mode: deterministic

324 MrRokkomies the Chiller (level 6, 0/41 HPs)
             Began as a Vampire Ice Elementalist on Feb 9, 2020.
             Was an Initiate of Sif Muna.
             Slain by a phantom (8 damage)
             ... on level 4 of the Dungeon.
             The game lasted 00:09:30 (2498 turns).

MrRokkomies the Chiller (Vampire Ice Elementalist)  Turns: 2498, Time: 00:09:31

Health: 0/41       AC:  3    Str:  9    XL:     6   Next: 23%
Magic:  9/9        EV: 14    Int: 17    God:    Sif Muna [......]
Gold:   210        SH:  0    Dex: 15    Spells: 5/9 levels left

rFire    . . .     SeeInvis +   w - +2 dagger (speed)
rCold    + . .     Gourm    .   (no shield)
rNeg     . . .     Faith    .   a - +0 robe
rPois    +         Spirit   .   n - +0 helmet
rElec    .         Reflect  .   (no cloak)
rCorr    .         Harm     .   (no gloves)
MR       .....                  (no boots)
Stlth    +++.......             (no amulet)
HPRegen  0.33/turn              d - ring of protection from cold
MPRegen  0.11/turn              l - ring of poison resistance

@: regenerating quickly
A: no food, fangs 3, see invisible, unbreathing
a: Exsanguinate, Renounce Religion


You were on level 4 of the Dungeon.
You worshipped Sif Muna.
Sif Muna was noncommittal.
You were alive.

You visited 1 branch of the dungeon, and saw 4 of its levels.

You collected 210 gold pieces.

Inventory:

Hand Weapons
 k - a +2 dagger of draining
 t - a +0 vampiric whip
 w - a +2 dagger of speed (weapon)
Missiles
 b - 6 javelins
 e - 188 stones
 v - 10 boomerangs (quivered)
 B - 2 throwing nets
Armour
 a - a +0 robe (worn)
 n - a +0 helmet (worn)
Jewellery
 d - a ring of protection from cold (left hand)
 g - an uncursed ring of positive energy
 l - a ring of poison resistance (right hand)
 r - an uncursed ring of protection from cold
Wands
 q - a wand of random effects (13)
Scrolls
 c - 5 scrolls of teleportation
 i - 4 scrolls of remove curse
 p - a scroll of immolation {unknown}
 s - a scroll of amnesia {unknown}
 y - a scroll of enchant armour {unknown}
 z - a scroll of identify
 A - a scroll of fog {unknown}
Potions
 f - a potion of berserk rage
 h - a potion of lignification
 j - a potion of heal wounds {unknown}
 m - 2 potions of haste {unknown}
 o - a potion of flight {unknown}
 u - 2 potions of curing {unknown}
 x - a potion of resistance {unknown}


   Skills:
 + Level 2.0 Throwing
 + Level 3.7 Dodging
 + Level 5.2 Stealth
 - Level 2.0 Spellcasting
 * Level 5.7 Ice Magic


You had 5 spell levels left.
You knew the following spells:

 Your Spells              Type           Power        Failure   Level  Hunger
a - Freeze                Ice            ###.         1%          1    N/A
b - Frozen Ramparts       Ice            ###...       5%          3    N/A

Your spell library contained the following spells:

 Spells                   Type           Power        Failure   Level  Hunger
 Ozocubu's Armour         Chrm/Ice       ##......     19%         3    N/A
 Hailstorm                Conj/Ice       ##......     52%         4    N/A
 Summon Ice Beast         Ice/Summ       ##......     52%         4    N/A

Dungeon Overview and Level Annotations

Branches:
Dungeon (4/15)
 Temple: D:4-7

Altars:
Cheibriados
Elyvilon
Makhleb
Qazlal
Sif Muna
Uskayaw
Yredelemnul

Shops:
D:4 :(?(


Innate Abilities, Weirdness & Mutations

You do not eat.
Your natural rate of healing is unusually fast.
You have razor-sharp teeth.
You have supernaturally acute eyesight. (SInv)
You can survive without breathing.


Message History

Aim: a phantom (heavily damaged)
You throw a boomerang.
The boomerang barely misses the phantom.
You barely miss the phantom.
The phantom is heavily damaged.
The phantom barely misses you.
You closely miss the phantom. Your bite misses the phantom.
The phantom is heavily damaged.
The phantom hits you!
* * * LOW HITPOINT WARNING * * *
You hit the phantom.
The phantom is heavily damaged.
You hit the phantom.
The phantom is heavily damaged.
The phantom hits you.
* * * LOW HITPOINT WARNING * * *
You hit the phantom.
The phantom is heavily damaged.
The phantom hits you!
You die...

P.....#
#.......'...'.......#
........
#.......#...#.......#
..##.....
##.....##...##.....##
..##......
##...###...###...##
.## ...... #####
#...# ##### ..# ..
##...###...###...##
...
##.....##...##.....##
#.......#...#.......#
#..?.@W.'...'.......#
#.......#...#.......#
##.....##...##.....##
##...###...###...##
##### #...# #####
#...# #...# #...#


You could see a phantom.

Vanquished Creatures
  Sigmund (D:3)
  A howler monkey (D:4)
  Jessica (D:2)
  Ijyb (D:3)
  A hound skeleton (D:4)
  A worker ant zombie (D:3)
  An adder (D:4)
  A worm (D:2)
  A leopard gecko (D:2)
  2 orcs (D:3)
  9 bats
  7 giant cockroaches
  9 goblins
  4 hobgoblins
  2 kobolds
  A quokka (D:2)
  4 frilled lizards
  7 rats
54 creatures vanquished.

Notes
Turn   | Place    | Note
-------+----------+-------------------------------------------
     0 | D:1      | MrRokkomies the Vampire Ice Elementalist began the quest
                  | for the Orb.
     0 | D:1      | Reached XP level 1. HP: 13/13 MP: 3/3
   476 | D:1      | Reached XP level 2. HP: 14/19 MP: 5/5
   787 | D:2      | Noticed Jessica
   801 | D:2      | Killed Jessica
   801 | D:2      | Reached XP level 3. HP: 11/24 MP: 2/6
   844 | D:2      | Learned a level 3 spell: Frozen Ramparts
  1142 | D:2      | Reached skill level 1 in Throwing
  1289 | D:2      | Found a burning altar of Makhleb.
  1524 | D:3      | Noticed Ijyb
  1537 | D:3      | Killed Ijyb
  1537 | D:3      | Reached XP level 4. HP: 5/30 MP: 0/7
  1765 | D:3      | Noticed Sigmund
  1785 | D:3      | Killed Sigmund
  1785 | D:3      | Reached skill level 5 in Stealth
  1785 | D:3      | Reached skill level 5 in Ice Magic
  1785 | D:3      | Reached XP level 5. HP: 12/35 MP: 1/8
  1870 | D:3      | Found a white marble altar of Elyvilon.
  2164 | D:4      | Found a hide-covered altar of Uskayaw.
  2166 | D:4      | Reached XP level 6. HP: 41/41 MP: 9/9
  2174 | D:4      | Noticed Edmund
  2188 | D:4      | Found Otazaut's Book Boutique.
  2191 | D:4      | Found Tuapn's Food Emporium.
  2224 | D:4      | Found Carchov's Antique Weapon Boutique.
  2256 | D:4      | Found Saschuckyu's Magic Scroll Shop.
  2308 | D:4      | Found a snail-covered altar of Cheibriados.
  2308 | D:4      | Found a basalt altar of Yredelemnul.
  2309 | D:4      | Found a stormy altar of Qazlal.
  2326 | D:4      | Found Kikhlen's Weapon Shoppe.
  2343 | D:4      | Found a shimmering blue altar of Sif Muna.
  2346 | D:4      | Became a worshipper of Sif Muna the Loreminder
  2498 | D:4      | Slain by a phantom

Levels and vault maps discovered:
D:1:      eino_arrival_druids_welcome, layout_rooms, minmay_misc_feat_plants,
          ebering_dispersal_statue_hall, hangedman_decor_push
D:2:      layout_loops_ring, bloody_makhleb, minmay_door_square, uniq_jessica
D:3:      minmay_spotlight, layout_basic, elyvilon_altar_1, uniq_ijyb,
          uniq_sigmund
D:4:      kennysheep_six_static_rooms, layout_basic, kennysheep_mini_moat,
          lemuel_round_altar, gammafunk_temple_overflow_claw,
          overflow_temple_1_default, gammafunk_ghost_icy, serial_shops,
          nicolae_shop_temple_entry_statues_fountains,
          nicolae_shop_overgrown_old_shop, nicolae_shop_crystal, shop,
          nicolae_shop_crystal, uniq_edmund

Skill      XL: |  1  2  3  4  5  6 |
---------------+-------------------+-----
Throwing       | 1 2 |  2.0
Dodging        | 3 |  3.7
Stealth        | 4 5 |  5.2
Ice Magic      | 5 |  5.7
Spellcasting   | |  2.0

Action                   |  1- 3 |  4- 6 || total
-------------------------+-------+-------++-------
Melee: Unarmed           |    91 |       ||    91
       Bite              |    14 |     6 ||    20
       Dagger            |    45 |    99 ||   144
Throw: Boomerang         |       |     5 ||     5
 Cast: Freeze            |    10 |     2 ||    12
       Frozen Ramparts   |       |     1 ||     1
Evoke: Wand              |       |     3 ||     3
  Use: Scroll            |     4 |       ||     4
 Stab: Sleeping          |     4 |     4 ||     8
Armor: Robe              |    36 |     7 ||    43
Dodge: Dodged            |   118 |    52 ||   170

Table legend:
 A = Non-vault XP
 B = Vault XP
 C = Vault XP percentage of total XP
 D = Non-vault monster count
 E = Vault monster count
 F = Vault count percentage of total count
                 A         B        C        D         E       F
            +---------+---------+-------+---------+---------+-------
      Total |     158 |     305 |  65.9 |      46 |       8 |  14.8
            +---------+---------+-------+---------+---------+-------
        D:1 |      23 |       0 |   0.0 |      14 |       0 |   0.0
        D:2 |      26 |      37 |  58.7 |      16 |       1 |   5.9
        D:3 |      20 |     266 |  93.0 |      12 |       6 |  33.3
        D:4 |      89 |       2 |   2.2 |       4 |       1 |  20.0
            +---------+---------+-------+---------+---------+-------
